 Dungeon Crawl Stone Soup version 0.19.5 (console) character file.

40145 Tundra the Spear-Bearer (level 13, 0/108 HPs)
             Began as a Mummy Wanderer on May 8, 2017.
             Was a High Priest of Ashenzari.
             Shot with a bolt by an orc knight (8 damage)
             ... on level 2 of the Orcish Mines.
             The game lasted 00:56:32 (29954 turns).

Tundra the Spear-Bearer (Mummy Wanderer)           Turns: 29954, Time: 00:56:33

Health: 0/108      AC: 19    Str: 19    XL:     13   Next: 73%
Magic:  13/13      EV: 10    Int: 14    God:    Ashenzari [*****.]
Gold:   1353       SH:  2    Dex: 10    Spells: 0 memorised, 12 levels left

rFire  x . .     SeeInvis +     m - +1 glaive (chop) (curse)
rCold  + . .     Gourm    .     w - +4 scale mail of Icecas {rPois rN+++ MR++ Int-3} (curse)
rNeg   + + +     Faith    .     (shield currently unavailable)
rPois  ∞         Spirit   .     s - +0 helmet
rElec  .         Reflect  +     p - +0 cloak
rCorr  .         Harm     .     y - +0 pair of gloves
MR     +++..     Clarity  +     G - +1 pair of boots
Stlth  ..........               e - +2 amulet of reflection
                                (no ring)
                                d - +3 ring of intelligence

@: no status effects
A: no food or potions, fire vulnerability, cold resistance 1, negative energy
resistance 3, torment resistance, unbreathing, in touch with death 1
a: Curse Item, Scrying, Transfer Knowledge, Renounce Religion


You were on level 2 of the Orcish Mines.
You worshipped Ashenzari.
Ashenzari was extremely pleased with you.
You were not hungry.

You visited 3 branches of the dungeon, and saw 18 of its levels.
You also visited: Volcano.

You collected 1527 gold pieces.
You spent 174 gold pieces at shops.

Inventory:

Hand Weapons
 l - a +0 trident
 m - a cursed +1 glaive of chopping (weapon)
Armour
 j - a +0 plate armour
 p - a +0 cloak (worn)
 s - a +0 helmet (worn)
 w - the cursed +4 scale mail of Icecas (worn) {rPois rN+++ MR++ Int-3}
   (You took it off an orc on level 8 of the Dungeon)

   It affects your intelligence (-3).
   It protects you from poison.
   It renders you almost immune to negative energy.
   It affects your resistance to hostile enchantments.
   It has a curse placed upon it.
 y - a +0 pair of gloves (worn)
 G - a +1 pair of boots (worn)
Jewellery
 d - a +3 ring of intelligence (left hand)
 e - a +2 amulet of reflection (around neck)
Wands
 b - a wand of slowing (3/48)
 i - a wand of confusion (30/48)
 q - a wand of paralysis (4/24)
 A - a wand of polymorph (3/24)
 B - a wand of flame (45/48)
 F - a wand of flame (21/48)
 H - a wand of digging (12/24)
 I - a wand of digging (22/24)
 K - a wand of heal wounds (4/9)
 L - a wand of paralysis (2/24)
Scrolls
 a - a scroll of vulnerability {unknown}
 c - 5 scrolls of teleportation
 f - a scroll of fear
 g - 2 scrolls of fog
 h - 8 scrolls of enchant weapon
 k - 2 scrolls of remove curse
 o - 4 scrolls of amnesia
 r - 3 scrolls of enchant armour
 D - 3 scrolls of silence
 E - 2 scrolls of recharging {unknown}
 J - a scroll of torment


   Skills:
 - Level 12.0 Fighting
 - Level 14.0(18.7) Polearms
   Level 2.4 Bows
 + Level 10.6 Armour
 - Level 1.0 Dodging
 - Level 2.0 Stealth


You had 12 spell levels left.
You didn't know any spells.

Dungeon Overview and Level Annotations

Branches:
Dungeon (10/15)            Temple (0/1) D:6            Lair (6/6) D:9
 Shoals (0/4) Lair:4       Spider (0/4) Lair:4        Slime (0/5) Lair:6
    Orc (2/2) D:10            Elf (0/3) Orc:2

Altars:
Ashenzari
Cheibriados
Makhleb
Nemelex Xobeh
Ru
Sif Muna
Trog
Uskayaw
Zin

Shops:
D:4 %   D:5 [   Orc:2 ?

Annotations:
D:7 Joseph
D:9 Hamenopi's ghost, novice TrBe
Lair:2 exclusion: oklob plant
Orc:2 Saint Roka


Innate Abilities, Weirdness & Mutations

You do not eat or drink.
Your flesh is vulnerable to fire.
You are immune to poison.
Your flesh is cold resistant. (rC+)
You are immune to negative energy. (rN+++)
You are immune to unholy pain and torment.
You can survive without breathing.
You are in touch with the powers of death.


Message History

The orc knight barely misses you.
You slash the orc knight!
The orc knight is severely wounded.
The orc hits you.
You closely miss the orc knight.
The orc knight is severely wounded.
The orc closely misses you.
The orc knight hits you with an enchanted broad axe!!
* * * LOW HITPOINT WARNING * * *
You are too injured to fight recklessly!
The orc knight roars a battlecry!
The orc goes into a battle-frenzy!
The orc knight unwields an uncursed enchanted broad axe.
The orc knight wields an arbalest.
The orc knight shoots a bolt.
The bolt hits you!!
* * * LOW HITPOINT WARNING * * *
You see here a bolt.
There is a stone staircase leading up here.
The orc knight shoots a bolt.
The bolt hits you!
You die...

..)..............................
)...o............................
......#)†.##...............#....#
.....##...#................#...##
.##......#......#.........#...##
.#....#.#..o#........#........##
..#....#...#.......#.#.#[.#....#
..#........##.....#........##.##
.#.#+#....####.o@#...#.#..##...#
...+∩+...## ##.###.####...##.##
...#'#.### ### ##.####.#####
#.....## ### #...# ###
.......####.### ###...##
........#.....###.#..#.##
###.#..#)......#........# #
###...#.#.....#.#.##.## #
#.............#...###


You could see an orc knight and an orc.

Vanquished Creatures
  The ghost of COBRA the Severer, a journeyman NaFi of Gozag (Lair:4)
  An ettin (D:10)
  2 hydras
  Erolcha (Orc:1)
  6 death yaks
  A ghost crab (Volcano)
  An orc high priest (Orc:1)
  The ghost of COBRA the Cleaver, a novice NaFi of Gozag (D:8)
  Nergalle (Lair:3)
  3 orc knights
  Pikel (D:4)
  A manticore (Lair:4)
  3 orc sorcerers
  An oklob plant (Lair:2)
  A black mamba (Lair:5)
  8 spiny frogs
  5 komodo dragons
  A rime drake (Lair:6)
  5 trolls
  2 polar bears (D:9)
  20 blink frogs
  2 two-headed ogres
  4 hippogriffs
  2 wraiths
  A spriggan (D:7)
  3 fire bats (Lair:4)
  19 yaks
  Grum (D:9)
  4 wyverns
  Edmund (D:4)
  5 wargs
  Duvessa (D:5)
  7 water moccasins
  10 porcupines
  23 orc warriors
  2 black bears
  2 phantoms
  8 ogres
  2 ice beasts
  A centaur (D:9)
  4 crocodiles
  9 wolves
  2 big kobolds
  11 bullfrogs
  3 scorpions
  A water moccasin skeleton (D:7)
  A wyvern skeleton (D:7)
  Dowan (D:5)
  9 killer bees (D:10)
  14 wights
  2 electric eels (Lair:3)
  2 vampire bats (Lair:3)
  12 howler monkeys
  3 crimson imps
  8 hounds
  A bullfrog zombie (D:8)
  5 jellies
  A gnoll shaman (D:4)
  12 orc priests
  3 centaur skeletons
  A bullfrog skeleton (D:7)
  17 orc wizards
  5 iguanas
  5 worker ants
  A hound skeleton (D:5)
  A worker ant zombie (D:5)
  5 gnolls (D:4)
  10 adders
  A howler monkey skeleton (D:8)
  2 shadow imps
  An adder zombie (D:5)
  An adder skeleton (D:6)
  7 worms
  10 leopard geckos
  37 orcs
  3 giant cockroaches
  8 goblins
  7 hobgoblins
  8 jackals
  6 quokkas
  A ball python (D:5)
  16 bats
  6 frilled lizards
  21 kobolds
  2 leopard gecko skeletons
  A quokka zombie (D:8)
  11 rats
462 creatures vanquished.

Vanquished Creatures (collateral kills)
  A hydra (Lair:5)
1 creature vanquished.

Vanquished Creatures (others)
  A slave (D:5)
  An orc wizard (D:9)
  2 worker ants (D:5)
  A worker ant zombie (D:5)
  An adder (D:5)
  A jackal zombie (D:5)
  7 fungi
  5 plants (Lair:1)
  4 toadstools (D:1)
23 creatures vanquished.

Grand Total: 486 creatures vanquished

Notes
Turn   | Place    | Note
-------+----------+-------------------------------------------
     0 | D:1      | Tundra the Mummy Wanderer began the quest for the Orb.
     0 | D:1      | Tundra set off with: a +2 shortbow, 23 arrows, 2 scrolls of teleportation, a +0 robe, a +0 dagger
     0 | D:1      | Reached XP level 1. HP: 21/21 MP: 1/1
    85 | D:1      | Reached skill level 1 in Dodging
   137 | D:1      | Reached XP level 2. HP: 17/27 MP: 2/2
  1029 | D:1      | Reached skill level 1 in Armour
  1223 | D:1      | Reached XP level 3. HP: 25/33 MP: 3/3
  1532 | D:2      | Found a burning altar of Makhleb.
  2057 | D:2      | Found a sacrificial altar of Ru.
  2059 | D:2      | Found a shattered altar of Ashenzari.
  2196 | D:2      | Reached XP level 4. HP: 27/39 MP: 4/4
  2652 | D:3      | Found a hide-covered altar of Uskayaw.
  3648 | D:4      | Reached XP level 5. HP: 43/46 MP: 5/5
  3935 | D:4      | Noticed Edmund
  3966 | D:4      | Killed Edmund
  3966 | D:4      | Reached skill level 1 in Polearms
  3966 | D:4      | Reached XP level 6. HP: 52/52 MP: 6/6
  3980 | D:4      | Reached skill level 2 in Polearms
  4356 | D:4      | Found Beakh's Food Boutique.
  4428 | D:4      | Found a sparkling altar of Nemelex Xobeh.
  4522 | D:4      | Found a faded altar of an unknown god.
  4522 | D:4      | Found a glowing silver altar of Zin.
  4528 | D:4      | Found a faded altar of an unknown god.
  4539 | D:4      | Found a faded altar of an unknown god.
  4540 | D:4      | Found a faded altar of an unknown god.
  4549 | D:4      | Reached skill level 3 in Polearms
  4822 | D:2      | Became a worshipper of Ashenzari the Shackled
  5189 | D:5      | Entered Level 5 of the Dungeon
  5331 | D:5      | Noticed Duvessa
  5356 | D:4      | Reached XP level 7. HP: 43/58 MP: 7/7
  5681 | D:5      | Noticed Pikel
  5718 | D:4      | Killed Pikel
  5718 | D:4      | Reached skill level 5 in Polearms
  5718 | D:4      | Reached XP level 8. HP: 52/64 MP: 8/8
  5902 | D:5      | Noticed Dowan
  6141 | D:5      | Reached * piety under Ashenzari
  6262 | D:5      | Found Joloz's Antique Armour Boutique.
  6269 | D:5      | Bought a helmet for 108 gold pieces
  6353 | D:5      | Killed Dowan
  6478 | D:5      | Killed Duvessa
  6845 | D:6      | Found a staircase to the Ecumenical Temple.
  6873 | D:6      | Reached skill level 6 in Polearms
  7021 | D:6      | Reached skill level 5 in Armour
  7236 | D:6      | Noticed a deep elf mage
  7768 | D:7      | Reached skill level 7 in Polearms
  8214 | D:7      | Noticed Joseph
  8489 | D:6      | Reached XP level 9. HP: 61/69 MP: 9/9
  8736 | D:7      | Reached skill level 8 in Polearms
 10013 | D:6      | Reached skill level 9 in Polearms
 10269 | D:8      | Noticed COBRA's ghost (novice NaFi)
 10439 | D:8      | Killed COBRA's ghost
 10439 | D:8      | Reached skill level 10 in Polearms
 10724 | D:8      | Reached XP level 10. HP: 76/76 MP: 10/10
 10800 | D:8      | Got the uncursed scale mail of Icecas {rPois rN+++ MR++ Int-3}
 10811 | D:8      | Identified the +4 scale mail of Icecas {rPois rN+++ MR++ Int-3} (You took it off an orc on level 8 of the Dungeon)
 11047 | D:8      | Found a snail-covered altar of Cheibriados.
 11132 | D:9      | Noticed Grum
 11209 | D:9      | Killed Grum
 11319 | D:8      | Reached skill level 11 in Polearms
 11758 | D:9      | Noticed Hamenopi's ghost (novice TrBe)
 11783 | D:9      | Reached ** piety under Ashenzari
 12905 | D:9      | Found a deep blue altar of Sif Muna.
 12970 | D:9      | Found a staircase to the Lair.
 13002 | D:10     | Entered Level 10 of the Dungeon
 13768 | D:10     | Found a staircase to the Orcish Mines.
 13785 | D:10     | Reached skill level 12 in Polearms
 14107 | D:10     | Found a bloodstained altar of Trog.
 14652 | D:10     | Reached XP level 11. HP: 82/83 MP: 11/11
 15038 | D:10     | Identified the +5 mace of Giaskouts {flame, rElec SInv} (You found it on level 10 of the Dungeon)
 15067 | D:10     | Got the uncursed chain mail of Idefatwu {Int+4 Dex+2 SInv}
 15078 | D:10     | Identified the +3 chain mail of Idefatwu {Int+4 Dex+2 SInv} (You found it on level 10 of the Dungeon)
 15152 | D:10     | Noticed a four-headed hydra
 15264 | D:10     | Noticed an ettin
 15264 | D:10     | a four-headed hydra changed into an ettin
 16250 | Lair:1   | Entered Level 1 of the Lair of Beasts
 17046 | Lair:1   | Reached *** piety under Ashenzari
 17590 | Lair:1   | Noticed a four-headed hydra
 17882 | Lair:1   | Reached skill level 13 in Polearms
 19251 | Lair:2   | Noticed an oklob plant
 19377 | Lair:2   | Noticed an oklob plant
 19385 | Lair:2   | Killed an oklob plant
 19503 | Lair:1   | Reached XP level 12. HP: 40/97 MP: 12/12
 19754 | Lair:2   | Noticed a five-headed hydra
 19762 | Lair:2   | Killed a five-headed hydra
 19762 | Lair:2   | Reached skill level 10 in Fighting
 21396 | Lair:2   | Identified the +0 robe of Watchfulness {rC++ MR- Dex+4} (You found it on level 8 of the Dungeon)
 21424 | Lair:3   | Reached **** piety under Ashenzari
 22371 | Lair:3   | Noticed Nergalle
 22386 | Lair:3   | Killed Nergalle
 22847 | Lair:4   | Found a dark tunnel.
 22868 | Volcano  | Entered a volcano
 22906 | Volcano  | Noticed a ghost crab
 22906 | Volcano  | a salamander mystic changed into a ghost crab
 22917 | Volcano  | Killed a ghost crab
 22949 | Volcano  | Found a burning altar of Makhleb.
 23109 | Lair:4   | Noticed COBRA's ghost (journeyman NaFi)
 23221 | Lair:4   | Killed COBRA's ghost
 23413 | Lair:4   | Noticed a death yak
 23413 | Lair:4   | Noticed a death yak
 23414 | Lair:4   | Noticed a death yak
 23431 | Lair:4   | Noticed a death yak
 23434 | Lair:4   | Killed a death yak
 23442 | Lair:4   | Killed a death yak
 23596 | Lair:2   | Noticed a five-headed hydra
 23949 | Lair:2   | Killed a death yak
 24110 | Lair:4   | Found a hole to the Spider Nest.
 24246 | Lair:4   | Killed a death yak
 24246 | Lair:4   | Gained mutation: You are in touch with the powers of death. [Mummy growth]
 24246 | Lair:4   | Reached XP level 13. HP: 62/106 MP: 13/13
 24522 | Lair:4   | Found a staircase to the Shoals.
 24664 | Lair:4   | Reached ***** piety under Ashenzari
 26277 | Lair:6   | Entered Level 6 of the Lair of Beasts
 26277 | Lair:6   | Found a staircase to the Slime Pits.
 26698 | Orc:1    | Entered Level 1 of the Orcish Mines
 26852 | D:10     | Killed an ettin
 26852 | D:10     | Reached skill level 14 in Polearms
 27720 | Orc:1    | Reached skill level 10 in Armour
 27846 | Orc:1    | Noticed Erolcha
 27864 | Orc:1    | Killed Erolcha
 28217 | Orc:2    | Entered Level 2 of the Orcish Mines
 28553 | Orc:2    | Found Qeeman's Magic Scroll Boutique.
 28556 | Orc:2    | Bought a scroll of remove curse for 33 gold pieces
 28556 | Orc:2    | Bought a scroll of remove curse for 33 gold pieces
 28601 | Orc:2    | Found a staircase to the Elven Halls.
 29788 | Orc:2    | Noticed Saint Roka
 29954 | Orc:2    | Shot with a bolt by an orc knight

Skill      XL: |  1  2  3  4  5  6  7  8  9 10 11 12 13 |
---------------+----------------------------------------+-----
Dodging        | 1 |  1.0
Stealth        | 2 |  2.0
Armour         | 1 2 3 4 5 6 9 10 | 10.6
Fighting       | 6 9 11 12 | 12.0
Polearms       | 1 3 5 7 10 12 13 14 | 14.0
Bows           | |  2.4

Action                   |  1- 3 |  4- 6 |  7- 9 | 10-12 | 13-15 || total
-------------------------+-------+-------+-------+-------+-------++-------
Melee: Dagger            |   204 |   159 |       |       |       ||   363
       Glaive            |       |    59 |   445 |  1135 |   386 ||  2025
 Fire: Shortbow          |    10 |       |       |       |       ||    10
Invok: Curse Item        |       |     1 |       |     1 |       ||     2
       Scrying           |       |       |       |     1 |       ||     1
Evoke: Wand              |       |       |     1 |    31 |     6 ||    38
  Use: Scroll            |       |     4 |     5 |    12 |     2 ||    23
 Stab: Sleeping          |     1 |       |       |       |       ||     1
       Paralysed         |       |       |       |     3 |     2 ||     5
       Confused          |       |       |       |     1 |       ||     1
Armor: Robe              |    58 |       |       |       |       ||    58
       Plate armour      |     2 |   156 |   307 |    15 |       ||   480
       Scale mail        |       |       |       |   563 |   129 ||   692
Dodge: Dodged            |   141 |    65 |   145 |   547 |   131 ||  1029
Block: Other             |       |    21 |    20 |    59 |    14 ||   114
